 Dungeon Crawl Stone Soup version 0.21.1-1-g345015fe64 (webtiles) character file.

294 Fiddle the Digger (level 6, 0/50 HPs)
             Began as a Draconian Earth Elementalist on June 3, 2018.
             Was an Initiate of Sif Muna.
             Killed by nerve-wracking pain
             ... invoked by an orc priest
              (14 damage)
             ... on level 3 of the Dungeon.
             The game lasted 00:30:05 (3601 turns).

Fiddle the Digger (Draconian Earth Elementalist)    Turns: 3601, Time: 00:30:06

Health: 0/50       AC:  8    Str: 11 (12) XL:     6   Next: 11%
Magic:  10/10      EV: 12    Int: 14 (15) God:    Sif Muna [......]
Gold:   74         SH:  0    Dex: 12      Spells: 1/11 levels left

rFire    . . .     SeeInvis .   v - +1 war axe
rCold    . . .     Gourm    .   (no shield)
rNeg     . . .     Faith    .   (armour unavailable)
rPois    .         Spirit   .   (helmet restricted)
rElec    .         Reflect  .   (no cloak)
rCorr    .         Harm     .   (no gloves)
MR       .....                  n - +1 pair of boots
Stlth    ++........             (no amulet)
HPRegen  0.16/turn              (no ring)
MPRegen  0.12/turn              (no ring)

@: no status effects
A: unfitting armour, cold-blooded, AC +6
a: Renounce Religion


You were on level 3 of the Dungeon.
You worshipped Sif Muna.
Sif Muna was noncommittal.
You were not hungry.

You visited 1 branch of the dungeon, and saw 4 of its levels.

You collected 74 gold pieces.

Inventory:

Hand Weapons
 a - a +2 short sword of speed
 g - a +0 short sword
 i - a +2 whip of freezing
 u - a +0 hunting sling
 v - a +1 war axe (weapon)
 w - a +0 blowgun
 z - a +0 rapier
Missiles
 b - 116 stones (quivered)
 k - 12 bolts
 l - 57 arrows
 y - 40 poisoned needles
Armour
 n - a +1 pair of boots (worn)
Wands
 c - a wand of polymorph (6)
Books
 d - a book of Geomancy

   Spells                             Type                      Level
   a - Sandblast                      Earth                        1
   b - Passwall                       Transmutation/Earth          2
   c - Stone Arrow                    Conjuration/Earth            3
   d - Petrify                        Transmutation/Earth          4
   e - Lee's Rapid Deconstruction     Earth                        5
 t - Sif Muna's Volume of Sinister Secrets
   (You found it on level 3 of the Dungeon)

   Spells                             Type                      Level
   a - Pain                           Necromancy                   1
Comestibles
 f - 2 inedible chunks of flesh
 A - a ration


   Skills:
 + Level 2.5 Fighting
 + Level 2.9 Maces & Flails
 + Level 0.1 Throwing
 + Level 2.5 Dodging
 + Level 2.1 Stealth
 + Level 3.0 Spellcasting
 + Level 0.1 Conjurations
 + Level 1.0 Transmutations
 + Level 4.1 Earth Magic


You had one spell level left.
You knew the following spells:

 Your Spells              Type           Power        Failure   Level  Hunger
a - Sandblast             Erth           ##....       4%          1    #......
b - Stone Arrow           Conj/Erth      #.....       26%         3    ###....
c - Petrify               Tmut/Erth      #.......     58%         4    #####..
d - Passwall              Tmut/Erth      #.........   11%         2    ##.....


Dungeon Overview and Level Annotations

Branches:
Dungeon (4/15)
 Temple: D:4-7

Altars:
Fedhas
Sif Muna


Innate Abilities, Weirdness & Mutations

Your plain brown scales are hard. (AC +6)
You cannot fit into any form of body armour.
You are cold-blooded and may be slowed by cold attacks.


Message History

Beogh smites you!
* * * LOW HITPOINT WARNING * * *
The orc barely misses you.
Aiming: Polymorph
Press: ? - help, Shift-Dir - straight line, f - orc
Aim: an orc, wielding a dagger and wearing a leather armour (heavily wounded, chance to defeat MR: 63%)
The orc evaporates and reforms as a jackal!
The jackal completely misses you.
You hit the jackal.
You kill the jackal!
Sif Muna accepts your kill.
The orc returns to its original shape as it dies.
You slash the orc priest!
The orc priest is heavily wounded.
The orc priest barely misses you.
You closely miss the orc priest.
The orc priest is heavily wounded.
The orc priest calls down the wrath of Beogh upon you.
Pain shoots through your body!
You die...

#####.# #.# ####.. #.#
#.####### #.. #.#
#.......# #.. #.#
#######.# ### #.# ##.##
#รท# ####...##### #.#
#..........##### ###.#
######.##...###......
#...# #olo@..###.##
#######
#.#######.####.# #.#
#.##......# **# #.#
#.##......# #.#
#.##..###o# #.#
#.##..#..l## #.#
#.....#.$..#******,****
#.#......_......**,,,,*
#.######....#...,,,**,*


You could see an orc priest, an orc and a frilled lizard.

Vanquished Creatures
  The ghost of jepsan the Conjurer, a weakling HuCj (D:3)
  2 orc wizards (D:3)
  Natasha (thrice) (D:2)
  Robin (D:2)
  4 adders (D:2)
  5 dart slugs
  3 leopard geckos
  5 orcs (D:3)
  A ball python (D:3)
  A giant cockroach (D:2)
  16 goblins
  3 hobgoblins
  3 jackals
  7 kobolds
  5 bats
  3 frilled lizards
  4 rats
67 creatures vanquished.

Notes
Turn   | Place    | Note
-------+----------+-------------------------------------------
     0 | D:1      | Fiddle the Draconian Earth Elementalist began the quest for the Orb.
     0 | D:1      | Reached XP level 1. HP: 14/14 MP: 3/3
    68 | D:1      | Reached XP level 2. HP: 8/20 MP: 1/5
   624 | D:2      | Reached XP level 3. HP: 25/26 MP: 2/6
   653 | D:2      | Noticed Natasha
   664 | D:2      | Killed Natasha
   664 | D:2      | Reached skill level 4 in Earth Magic
  1011 | D:2      | Noticed Robin
  1028 | D:2      | Reached XP level 4. HP: 31/33 MP: 7/7
  1072 | D:2      | Killed Robin
  1072 | D:2      | Reached skill level 1 in Maces & Flails
  1477 | D:2      | Noticed Natasha
  1489 | D:2      | Killed Natasha
  1592 | D:2      | Reached XP level 5. HP: 31/39 MP: 9/9
  1746 | D:2      | Reached skill level 1 in Fighting
  2252 | D:2      | Learned a level 1 spell: Sandblast
  2256 | D:2      | Learned a level 3 spell: Stone Arrow
  2261 | D:2      | Learned a level 4 spell: Petrify
  2264 | D:2      | Learned a level 2 spell: Passwall
  2360 | D:2      | Noticed Natasha
  2370 | D:2      | Killed Natasha
  2487 | D:3      | Found a deep blue altar of Sif Muna.
  2515 | D:3      | Became a worshipper of Sif Muna the Loreminder
  2787 | D:3      | HP: 1/41 [something/magic dart (5)]
  3194 | D:3      | Identified Sif Muna's Volume of Sinister Secrets
  3298 | D:3      | Noticed jepsan's ghost (weakling HuCj)
  3305 | D:3      | Killed jepsan's ghost
  3305 | D:3      | Reached XP level 6. HP: 31/50 MP: 10/10
  3565 | D:3      | Found a blossoming altar of Fedhas.
  3601 | D:3      | Killed from afar by an orc priest

Skill      XL: |  1  2  3  4  5 |
---------------+----------------+-----
Dodging        | 2 |  2.5
Stealth        | 2 |  2.1
Earth Magic    | 4 |  4.1
Maces & Flails | 1 2 |  2.9
Spellcasting   | 3 |  3.0
Fighting       | 2 |  2.5
Throwing       | |  0.1
Conjurations   | |  0.1
Transmutations | |  1.0

Action                   |  1- 3 |  4- 6 || total
-------------------------+-------+-------++-------
Melee: Dagger            |    11 |       ||    11
       Whip              |    37 |   129 ||   166
       Tailslap          |     7 |     4 ||    11
       War axe           |       |    23 ||    23
       Hunting sling     |       |     1 ||     1
 Fire: Hunting sling     |       |     9 ||     9
       Blowgun           |       |     3 ||     3
Throw: Stone             |     1 |    30 ||    31
 Cast: Sandblast         |    21 |     2 ||    23
       Stone Arrow       |       |     3 ||     3
       Passwall          |       |     3 ||     3
Evoke: Wand              |       |     4 ||     4
  Use: Scroll            |     4 |     5 ||     9
       Potion            |     2 |     4 ||     6
 Stab: Invisible         |     1 |       ||     1
       Sleeping          |       |     1 ||     1
  Eat: Ration            |       |     2 ||     2
       Chunk             |       |     3 ||     3
Armor: Skin              |    14 |    59 ||    73
Dodge: Dodged            |    22 |   119 ||   141
